 Dungeon Crawl Stone Soup version 0.30-a0-748-ge6a52f7cba (webtiles) character file.

Game seed: 5796087461662597163

442 Crownlay the Arsonist (level 7, 0/50 HPs)
             Began as a Hill Orc Fire Elementalist on Feb 8, 2023.
             Slain by an orc
             ... wielding a +0 trident
              (7 damage)
             ... on level 4 of the Dungeon.
             The game lasted 00:05:24 (4326 turns).

Crownlay the Arsonist (Hill Orc Fire Elementalist)  Turns: 4326, Time: 00:05:25

Health: 0/50       AC:  2    Str: 11    XL:     7   Next: 2%
Magic:  0/9        EV: 12    Int: 17    God:
Gold:   169        SH:  0    Dex: 11    Spells: 6/9 levels left

rFire   . . .      SeeInvis .    f - +0 hand axe
rCold   . . .      Faith    .    (no shield)
rNeg    . . .      Spirit   .    a - +0 robe
rPois   .          Reflect  .    (no helmet)
rElec   .          Harm     .    s - scarf {+Inv}
rCorr   +          Rampage  .    (no gloves)
Will    .....                    (no boots)
Stlth   ++                       k - amulet of regeneration
HPRegen 1.08/turn                j - ring of resist corrosion
MPRegen 0.11/turn                n - ring of flight

@: flying
A: no striking features
a: Convert to Beogh, Evoke Invisibility


You were on level 4 of the Dungeon.
You visited 1 branch of the dungeon, and saw 4 of its levels.

You collected 211 gold pieces.
You spent 42 gold pieces at shops.

Inventory:

Hand Weapons
 f - a +0 hand axe (weapon)
Missiles
 l - a throwing net
Armour
 a - a +0 robe (worn)
 s - a scarf of invisibility (worn)
 u - a +1 helmet
Jewellery
 j - a ring of resist corrosion (left hand)
 k - an amulet of regeneration (around neck)
 n - a ring of flight (right hand)
Scrolls
 d - 2 scrolls of fog
 e - a scroll of amnesia
 g - a scroll of noise
 i - 6 scrolls of identify
 m - a scroll of blinking {unknown}
 r - a scroll of teleportation {unknown}
 v - a scroll of immolation {unknown}
Potions
 b - 2 potions of magic
 c - a potion of berserk rage {unknown}
 h - a potion of ambrosia {unknown}
 o - a potion of invisibility {unknown}
 p - 3 potions of curing
 q - 3 potions of mutation {unknown}
 t - 2 potions of lignification {unknown}


   Skills:
 - Level 1.5 Dodging
 - Level 1.5 Stealth
 - Level 1.5 Spellcasting
 - Level 1.0 Conjurations
 + Level 8.4 Fire Magic


You had 6 spell levels left.
You knew the following spells:

 Your Spells              Type           Power      Damage    Failure   Level
a - Foxfire               Conj/Fire      68%        2x1d7     3%          1
b - Scorch                Fire           60%        2d8       1%          2

Your spell library contained the following spells:

 Spells                   Type           Power      Damage    Failure   Level
 Inner Flame              Hex/Fire       15%        N/A       11%         3
 Kindle Blastsparks       Fire/Tloc/Air  20%        2d11      19%         3
 Flame Wave               Conj/Fire      17%        2d7       28%         4


Dungeon Overview and Level Annotations

Branches:
Dungeon (4/15)
 Temple: D:4-7

Altars:

Shops:
D:2 !

Annotations:
D:2 1 runed translucent door, Crazy Yiuf


Message History

The foxfire hits the orc!
You kill the orc!
The orc hits you from afar with a +0 trident.
The orc priest calls down the wrath of Beogh upon you.
Beogh smites you!
You have reached level 7!
Casting: Foxfire (safe; 3% risk of failure)
Confirm with . or Enter, or press ? or * to list all spells.
You conjure some foxfire!
The foxfire hits the orc priest.
The orc priest is moderately wounded.
The orc hits you but does no damage.
You closely miss the orc priest.
The orc priest is moderately wounded.
You completely miss the orc.
The foxfire hits the orc.
The orc is heavily wounded.
The orc closely misses you. The orc hits you with a +0 club.
Your magical contamination has completely faded away.
You completely miss the orc.
The orc is heavily wounded.
The orc priest threatens, "By the altar or by the axe, you will meet Beogh!"
You hit the orc priest.
The orc priest hits you with a +0 flail!
The orc hits you with a +0 club. The orc barely misses you.
You are too injured to fight recklessly!
You are too injured to fight recklessly!
Casting: Foxfire (safe; 3% risk of failure)
Confirm with . or Enter, or press ? or * to list all spells.
You don't have enough magic to cast this spell.
You hit the orc priest but do no damage.
The orc priest is heavily wounded.
You hit the orc.
The orc priest shouts, "Join the one true god or die!"
The orc priest mumbles some strange prayers to Beogh against you.
Beogh smites you!
* * * LOW HITPOINT WARNING * * *
The orc barely misses you. The orc closely misses you.
The orc priest closely misses you. The orc hits you with a +0 club.
* * * LOW HITPOINT WARNING * * *
The orc hits you from afar with a +0 trident!
You die...

........#.....
#...#.#...###
........###...
..###.####.....# ......###
##.. ....#.####)....#
##....# #...
#...#...#).....## ###...#
#.# #........)......# .
....
.##..##........>......#
....)!...............##
......oo.......<..).##
.....o.@............#
.......
......).......###..##
.......
..................##
........
..(..............##
......(. ...........##.(..#
...................####..##
..................## ####
.........#.....#...
.........##.(..#...


You could see an orc priest and 2 orcs.

Vanquished Creatures
  A phantom (D:4)
  3 scorpions (D:4)
  A hound (D:4)
  An orc wizard (D:4)
  3 gnolls (D:4)
  2 adders
  2 worms (D:2)
  3 dart slugs
  7 orcs
  8 bats
  6 endoplasms
  A giant cockroach (D:4)
  5 goblins
  7 hobgoblins
  3 jackals (D:3)
  3 quokkas
  7 ball pythons
  2 frilled lizards
  7 kobolds
  5 rats
77 creatures vanquished.

Vanquished Creatures (others)
  291 foxfires
291 creatures vanquished.

Grand Total: 368 creatures vanquished

Notes
Turn   | Place    | Note
-------+----------+-------------------------------------------
     0 | D:1      | Crownlay the Hill Orc Fire Elementalist began the quest for
                  | the Orb.
     0 | D:1      | Reached XP level 1. HP: 14/14 MP: 3/3
   216 | D:1      | Reached XP level 2. HP: 20/20 MP: 0/4
   316 | D:1      | Reached skill level 4 in Fire Magic
  1429 | D:2      | Reached XP level 3. HP: 26/26 MP: 0/5
  1432 | D:2      | Learned a level 2 spell: Scorch
  1676 | D:2      | Found Puttet's Distillery.
  1685 | D:2      | Bought a potion of curing for 42 gold pieces
  1985 | D:2      | Reached skill level 5 in Fire Magic
  2118 | D:2      | Found a runed translucent door.
  2119 | D:2      | Noticed Crazy Yiuf
  2674 | D:3      | Identified the +5 short sword "Qeampa Nadd" {antimagic, rF+
                  | Str+2}
  2789 | D:3      | Reached XP level 4. HP: 33/33 MP: 3/6
  3503 | D:4      | Noticed a scorpion
  3572 | D:4      | Killed a scorpion
  3573 | D:4      | Reached skill level 6 in Fire Magic
  3573 | D:4      | Reached XP level 5. HP: 34/38 MP: 2/7
  3751 | D:4      | Reached skill level 7 in Fire Magic
  3751 | D:4      | Reached XP level 6. HP: 45/45 MP: 0/8
  4190 | D:4      | Reached skill level 8 in Fire Magic
  4323 | D:4      | Reached XP level 7. HP: 29/50 MP: 1/9
  4326 | D:4      | Slain by an orc

Illustrated notes

Levels and vault maps discovered:
D:1:      saegor_arrival_under_anarchy, layout_loops_corners
D:2:      layout_basic, serial_shops, shop_statue, uniq_crazy_yiuf_cottage
D:3:      layout_basic
D:4:      layout_cave_pools, corexii_corridor_pit, minmay_ruptured

Skill      XL: |  1  2  3  4  5  6 |
---------------+-------------------+-----
Fire Magic     | 4 5 6 7 8 |  8.4
Dodging        | |  1.5
Stealth        | |  1.5
Spellcasting   | |  1.5
Conjurations   | |  1.0

Action                     |  1- 3 |  4- 6 |  7- 9 || total
---------------------------+-------+-------+-------++-------
  Melee: Hand axe          |    61 |    45 |     3 ||   109
   Cast: Foxfire           |    86 |   101 |     1 ||   188
         Scorch            |     3 |     2 |       ||     5
    Use: Scroll            |       |     3 |       ||     3
         Potion            |       |     1 |       ||     1
   Stab: Sleeping          |     1 |       |       ||     1
 Armour: Robe              |    18 |    13 |     1 ||    32
  Dodge: Dodged            |    55 |    46 |     5 ||   106

Table legend: (Time is in decaauts)
 A = Elapsed time spent in this place.
 B = Non-inter-level travel time spent in this place.
 C = Inter-level travel time spent in this place.
 D = Time resting spent in this place.
 E = Time spent auto-exploring this place.
 F = Levels seen in this place.
 G = Mean time per level.
                   A        B        C        D        E       F      G
               +--------+--------+--------+--------+--------+-----+--------+
         Total |   4357 |   4268 |     89 |      0 |   3704 |   4 | 1089.2 |
       Dungeon |   4357 |   4268 |     89 |      0 |   3704 |   4 | 1089.2 |
               +--------+--------+--------+--------+--------+-----+--------+

Top non-repeatable levels by time:
     D:1: 1309 daAuts
     D:2: 1295 daAuts
     D:3: 947 daAuts
     D:4: 805 daAuts
